 Dungeon Crawl Stone Soup version 0.30-a0-702-gdf48620a09 (webtiles) character file.

Game seed: 9621986859667988841

26 Alitron123 the Ducker (level 3, 0/31 HPs)
             Began as a Gnoll Gladiator on Jan 21, 2023.
             Slain by Sigmund
             ... wielding a +0 scythe
              (5 damage)
             ... on level 2 of the Dungeon.
             The game lasted 00:01:38 (995 turns).

Alitron123 the Ducker (Gnoll Gladiator)              Turns: 995, Time: 00:01:38

Health: 0/31       AC:  4    Str: 15    XL:     3   Next: 8%
Magic:  3/3        EV: 14    Int:  7    God:
Gold:   70         SH:  0    Dex: 13    Spells: 3/3 levels left

rFire   . . .      SeeInvis .    a - +0 flail
rCold   . . .      Faith    .    (no shield)
rNeg    . . .      Spirit   .    b - +0 leather armour
rPois   .          Reflect  .    c - +0 helmet
rElec   .          Harm     .    (no cloak)
rCorr   .          Rampage  .    (no gloves)
Will    .....                    (no boots)
Stlth   +                        (no amulet)
HPRegen 0.25/turn                (no ring)
MPRegen 0.08/turn                (no ring)

@: no status effects
A: fangs 1, strong nose, distributed training
a: no special abilities


You were on level 2 of the Dungeon.
You visited 1 branch of the dungeon, and saw 2 of its levels.

You collected 70 gold pieces.

Inventory:

Hand Weapons
 a - a +0 flail (weapon)
Missiles
 d - 2 throwing nets (quivered)
 e - a javelin
Armour
 b - a +0 leather armour (worn)
 c - a +0 helmet (worn)
Magical Staves
 h - a staff of fire
Scrolls
 f - a scroll of magic mapping {unknown}
 g - a scroll of amnesia {unknown}
 j - 2 scrolls of identify {unknown}
 k - a scroll of teleportation {unknown}
 n - a scroll of noise {unknown}
Potions
 i - 2 potions of invisibility {unknown}
 l - a potion of brilliance {unknown}
 m - a potion of ambrosia {unknown}
 o - a potion of cancellation {unknown}


   Skills:
 + Level 4.5 Fighting
 + Level 0.6 Short Blades
 + Level 0.6 Long Blades
 + Level 0.6 Axes
 + Level 6.5 Maces & Flails
 + Level 0.6 Polearms
 + Level 0.6 Staves
 + Level 0.6 Ranged Weapons
 + Level 4.5 Throwing
 + Level 0.6 Armour
 + Level 6.5 Dodging
 + Level 0.6 Stealth
 + Level 0.6 Shields
 + Level 0.6 Unarmed Combat
 + Level 0.6 Spellcasting
 + Level 0.4 Conjurations
 + Level 0.4 Hexes
 + Level 0.4 Summonings
 + Level 0.4 Necromancy
 + Level 0.4 Translocations
 + Level 0.4 Transmutations
 + Level 0.4 Fire Magic
 + Level 0.4 Ice Magic
 + Level 0.4 Air Magic
 + Level 0.4 Earth Magic
 + Level 0.4 Poison Magic
 + Level 0.8 Invocations
 + Level 0.6 Evocations


You had 3 spell levels left.
You didn't know any spells.
Your spell library was empty.

Dungeon Overview and Level Annotations

Branches:
Dungeon (2/15)

Altars:

Annotations:
D:2 Sigmund


Innate Abilities, Weirdness & Mutations

You have very sharp teeth.
Your uncanny sense of smell can sniff out nearby items.
Your experience applies equally to all skills.


Message History

Sigmund casts a spell at you. The magic dart hits you!
The frilled lizard hisses angrily.
Found 4 gold pieces.
There are monsters nearby!
Sigmund gestures at you while chanting. You resist with significant effort.
There is an open door here.
You close the door.
Sigmund breaks down the door.
Throw: 3 throwing nets
Press: ? - help, Shift-Dir - straight line, f - Sigmund
Aim: Sigmund, wielding a +0 scythe and wearing a +0 robe (58% to hit)
You throw a throwing net.
The throwing net misses the frilled lizard.
The throwing net hits Sigmund.
Sigmund is caught in the net!
Sigmund struggles against the net.
Sigmund struggles against the net.
You sock the frilled lizard!
You kill the frilled lizard!
Sigmund struggles against the net.
Sigmund struggles against the net.
Sigmund struggles against the net.
Sigmund struggles against the net.
The net rips apart, and Sigmund comes free!
There is a broken door here.
Sigmund hits you with a +0 scythe!
You closely miss Sigmund.
Sigmund mumbles some strange words.
Sigmund flickers and vanishes!
Deactivating autopickup; reactivate with Ctrl-A.
No target in view!
No target in view!
You hit something but do no damage. Something hits you but does no damage.
You miss something. Something hits you!
You hit something. You bite something. You closely miss something.
Something hits you!
* * * LOW HITPOINT WARNING * * *
You barely miss something. Your punch misses something. Something hits you.
You die...

#.#######......# #####
#.###..# ## #.###..# ##.
##+# #.#....# ##..
##...# #.#.##.# #.#.
#.....# #.#.##.# ##..
.......## #.#.##.# ##.
........###......######.
.......@'...............
.......{####...#########
..$....## ##.## #
#.....# #.# ##...# #.#
##+# ..# ##


There were no monsters in sight!

Vanquished Creatures
  4 ball pythons
  2 endoplasms (D:1)
  2 giant cockroaches (D:1)
  3 hobgoblins (D:1)
  2 quokkas
  A bat (D:1)
  2 frilled lizards
  2 kobolds
  7 rats
25 creatures vanquished.

Notes
Turn   | Place    | Note
-------+----------+-------------------------------------------
     0 | D:1      | Alitron123 the Gnoll Gladiator began the quest for the Orb.
     0 | D:1      | Reached XP level 1. HP: 20/20 MP: 1/1
   230 | D:1      | Reached XP level 2. HP: 23/26 MP: 2/2
   778 | D:2      | Found a faded altar of an unknown god.
   869 | D:2      | Reached XP level 3. HP: 30/31 MP: 3/3
   975 | D:2      | Noticed Sigmund
   995 | D:2      | Slain by Sigmund

Illustrated notes

Levels and vault maps discovered:
D:1:      pf_arrival_petrified_forest, layout_basic
D:2:      layout_loops_corners, dreamdust_ecumenical_altar_grove, basic_altar,
          uniq_terence, uniq_sigmund

Action                   || total
-------------------------++-------
Melee: Flail             ||    61
       Bite              ||     5
       Punch             ||     1
Throw: Throwing net      ||     1
 Stab: Sleeping          ||     2
Armor: Leather armour    ||     7
Dodge: Dodged            ||    34

Table legend: (Time is in decaauts)
 A = Elapsed time spent in this place.
 B = Non-inter-level travel time spent in this place.
 C = Inter-level travel time spent in this place.
 D = Time resting spent in this place.
 E = Time spent auto-exploring this place.
 F = Levels seen in this place.
 G = Mean time per level.
                   A        B        C        D        E       F      G
               +--------+--------+--------+--------+--------+-----+--------+
         Total |    998 |    972 |     26 |      0 |    791 |   2 |  499.0 |
       Dungeon |    998 |    972 |     26 |      0 |    791 |   2 |  499.0 |
               +--------+--------+--------+--------+--------+-----+--------+

Top non-repeatable levels by time:
     D:1: 756 daAuts
     D:2: 241 daAuts
